 Dungeon Crawl Stone Soup version 0.24.0-5-g267a8d59f4 (webtiles) character file.

Game seed: 4267553598379237344, levelgen mode: deterministic

3827 Esekla the Conjurer (level 9, -12/73 HPs)
             Began as a Deep Dwarf Conjurer on Nov 1, 2019.
             Was an Elder of Elyvilon.
             Mangled by a two-headed ogre
             ... wielding a +0 giant club
              (16 damage)
             ... on level 7 of the Dungeon.
             The game lasted 01:45:48 (10328 turns).

Esekla the Conjurer (Deep Dwarf Conjurer)          Turns: 10328, Time: 01:45:49

Health: -12/73     AC:  5    Str: 13    XL:     9   Next: 97%
Magic:  5/17       EV: 15    Int: 18    God:    Elyvilon [****..]
Gold:   409        SH:  0    Dex: 15    Spells: 1/19 levels left

rFire    . . .     SeeInvis .   u - +1 dagger (protect)
rCold    . . .     Gourm    .   (no shield)
rNeg     . . .     Faith    +   a - +0 robe
rPois    .         Spirit   .   (no helmet)
rElec    .         Reflect  .   (no cloak)
rCorr    .         Harm     .   (no gloves)
MR       ++...                  k - +0 pair of boots
Stlth    ++++......             r - amulet of faith
HPRegen  0.00/turn              w - +2 ring of protection
MPRegen  0.15/turn              O - ring of stealth

@: very slightly contaminated, non-regenerating, studying Maces & Flails
A: damage resistance, heal wounds, agile 1, magic resistance 1, sense
surroundings 2, MP-powered wands, no regeneration
a: Heal Wounds, Lesser Healing, Heal Other, Purification, Greater Healing,
Divine Protection, Renounce Religion


You were on level 7 of the Dungeon.
You worshipped Elyvilon.
Elyvilon was greatly pleased with you.
You were hungry.

You visited 2 branches of the dungeon, and saw 10 of its levels.
You also visited: Sewer.

You collected 534 gold pieces.
You spent 125 gold pieces at shops.

Inventory:

Hand Weapons
 f - a +0 short sword
 n - a +0 whip of venom
 u - a +1 dagger of protection (weapon)
 H - a +1 dagger of speed
Missiles
 d - 22 boomerangs
 h - 27 poisoned darts (quivered)
 C - 8 silver javelins
Armour
 a - a +0 robe (worn)
 k - a +0 pair of boots (worn)
Jewellery
 r - an amulet of faith (around neck)
 v - the ring "Otzag" {*Tele +Inv rN+ MR- Dex+2}
   (You bought it in a shop on level 5 of the Dungeon)

   [ring of teleportation]

   It may teleport you next to monsters.
   It affects your dexterity (+2).
   It protects you from negative energy.
   It affects your resistance to hostile enchantments.
   It lets you turn invisible.
 w - a +2 ring of protection (left hand)
 y - an uncursed ring of see invisible
 I - an uncursed ring of protection from fire
 M - an uncursed ring of ice
 O - a ring of stealth (right hand)
Wands
 j - a wand of flame (13)
 p - a wand of iceblast (5)
 G - a wand of paralysis (19)
 N - a wand of disintegration (20)
Scrolls
 e - a scroll of enchant weapon {unknown}
 i - 2 scrolls of teleportation
 m - a scroll of noise {unknown}
 s - a scroll of blinking {unknown}
 t - a scroll of fog {unknown}
 z - 2 scrolls of immolation
 A - 2 scrolls of remove curse
 J - a scroll of fear
 L - a scroll of magic mapping
Potions
 b - 2 potions of cancellation
 g - 2 potions of ambrosia
 l - 2 potions of invisibility
 o - a potion of heal wounds
 q - 3 potions of mutation
 x - a potion of haste
 B - 2 potions of resistance
 D - 2 potions of curing
 E - 2 potions of might
Books
 F - a manual of Maces & Flails
Comestibles
 c - 17 rations


   Skills:
 + Level 1.8 Fighting
 + Level 2.8 Short Blades
 * Level 5.5 Maces & Flails
 + Level 5.0 Dodging
 - Level 3.6 Stealth
 * Level 5.7 Spellcasting
 * Level 6.9 Conjurations
 + Level 2.8 Hexes
 * Level 3.2 Summonings
 * Level 2.8 Translocations
 * Level 2.7 Air Magic
 * Level 2.0 Poison Magic
 + Level 2.5 Invocations


You had one spell level left.
You knew the following spells:

 Your Spells              Type           Power        Failure   Level  Hunger
a - Magic Dart            Conj           ####         1%          1    None
b - Blink                 Tloc           N/A          6%          2    None
c - Mephitic Cloud        Conj/Pois/Air  ###.....     8%          3    ##.....
d - Dazzling Spray        Conj/Hex       ###...       4%          3    ##.....
e - Searing Ray           Conj           ####..       1%          2    None
k - Tukima's Dance        Hex            ###.....     12%         3    ##.....
l - Summon Lightning Spi  Summ/Air       ###.....     36%         4    ####...

Your spell library contained the following spells:

 Spells                   Type           Power        Failure   Level  Hunger
 Summon Small Mammal      Summ           ###.         3%          1    None
 Freeze                   Ice            #...         12%         1    None
 Call Imp                 Summ           ###.....     4%          2    None
 Throw Frost              Conj/Ice       ###...       4%          2    None
 Slow                     Hex            ###.....     6%          2    None
 Iskenderun's Mystic Bla  Conj           ####....     7%          4    ####...
 Conjure Flame            Conj/Fire      ###.....     9%          3    ##.....
 Call Canine Familiar     Summ           ###.....     10%         3    ##.....
 Summon Guardian Golem    Hex/Summ       ###.....     11%         3    ##.....
 Force Lance              Conj/Tloc      ###.....     16%         4    ####...
 Fulminant Prism          Conj/Hex       ###.......   17%         4    ####...
 Summon Ice Beast         Ice/Summ       ##......     54%         4    ####...
 Ice Form                 Ice/Tmut       #.......     77%         4    ####...
 Simulacrum               Ice/Necr       #.........   100%        6    #######


Dungeon Overview and Level Annotations

Branches:
Dungeon (9/15)             Temple (1/1) D:7           Sewer (visited)
   Lair: D:8-11         Orc: D:9-12

Altars:
Dithmenos
Elyvilon
Gozag
Hepliaklqana
Kikubaaqudgha
Nemelex Xobeh
Uskayaw
Xom
The Shining One

Shops:
D:5 *   D:6 =[

Annotations:
D:4 Menkaure


Innate Abilities, Weirdness & Mutations

You are resistant to damage.
You can heal yourself by infusing magical energy.
You passively map the area around you.
You do not regenerate.
You are agile. (Dex +2)
You are resistant to hostile enchantments. (MR+)
You expend magic power (3 MP) to strengthen your wands.


Message History

An electric hum fills the air.
The two-headed ogre seems less confused.
The two-headed ogre hits you with a +0 giant club!!
* * * LOW HITPOINT WARNING * * *
The two-headed ogre barely misses you.
Casting: Summon Lightning Spire (quite dangerous; 36% risk of failure)
Confirm with . or Enter, or press ? or * to list all spells.
Aiming: Dazzling Spray (safe; 4% risk of failure)
Press: ? - help, Shift-Dir - straight line, f - two-headed ogre
Aim: a two-headed ogre, wielding a +0 giant club and a +0 giant spiked club (heavily wounded)
The spray of energy hits the two-headed ogre!
The two-headed ogre is heavily wounded.
The two-headed ogre misses you. The two-headed ogre closely misses you.
You are healed.
You feel somewhat more hungry.
You barely miss the two-headed ogre.
The two-headed ogre is heavily wounded.
The two-headed ogre hits you with a +0 giant club!!
* * * LOW HITPOINT WARNING * * *
The two-headed ogre hits you with a +0 giant spiked club!!
You die...

#....# #..##÷ #....#
##..##. #....# #...##.
#....###########...###
#..>................##
#....#############.###
#....#..........##.#.#
###.##.########.##...#
#########.@....>..##.####.#
#......^#O........'...)....
#.#####.#..8......#######.#
#.###.#.#.........##.......
#.....#.#.........##.####..
#######.###.########.#<....
#.#...########.......
#...#...........).⌠..
######[...####.#.....


You could see a two-headed ogre and a friendly lightning spire.

Vanquished Creatures
  A troll (D:9)
  Prince Ribbit (D:8)
  Eustachio (D:4)
  A steam dragon (D:9)
  2 hungry ghosts
  2 sky beasts
  3 phantoms
  3 ogres
  4 centaurs
  A big kobold (D:7)
  6 bullfrogs
  2 scorpions
  5 crimson imps
  4 jellies
  2 bullfrog zombies
  2 centaur skeletons
  2 hounds (D:8)
  4 orc wizards
  5 iguanas
  Terence (D:2)
  6 worker ants
  A worker ant zombie (D:8)
  10 adders
  4 gnolls (D:3)
  A river rat (D:5)
  5 shadow imps
  An adder zombie (D:6)
  A worm (D:3)
  A dart slug (D:2)
  9 leopard geckos
  19 orcs
  19 giant cockroaches
  8 hobgoblins
  6 jackals
  2 quokkas
  5 ball pythons
  9 bats
  11 frilled lizards
  10 goblins
  A jackal skeleton (D:4)
  7 kobolds
  A leopard gecko skeleton (D:4)
  A leopard gecko zombie (D:8)
  2 quokka skeletons
  9 rats
201 creatures vanquished.

Vanquished Creatures (others)
  An ogre (D:7)
1 creature vanquished.

Grand Total: 202 creatures vanquished

Notes
Turn   | Place    | Note
-------+----------+-------------------------------------------
     0 | D:1      | Esekla the Deep Dwarf Conjurer began the quest for the Orb.
     0 | D:1      | Reached XP level 1. HP: 15/15 MP: 3/3
   143 | D:2      | Noticed Terence
   222 | D:1      | Reached skill level 4 in Conjurations
   222 | D:1      | Reached XP level 2. HP: 11/22 MP: 1/4
   344 | D:1      | Learned a level 2 spell: Searing Ray
   681 | D:1      | Reached XP level 3. HP: 8/28 MP: 5/5
   857 | D:2      | Found a shadowy altar of Dithmenos.
  1198 | D:2      | Reached XP level 4. HP: 5/36 MP: 1/7
  1751 | D:4      | Found an ancient bone altar of Kikubaaqudgha.
  1763 | D:4      | Found a sparkling altar of Nemelex Xobeh.
  1792 | D:5      | Entered Level 5 of the Dungeon
  1994 | D:5      | Found a glowing drain.
  2027 | Sewer    | Entered a sewer
  2399 | Sewer    | Reached XP level 5. HP: 16/43 MP: 4/8
  2579 | Sewer    | Learned a level 3 spell: Dazzling Spray
  2756 | Sewer    | HP: 2/43 [bullfrog (7)]
  2762 | Sewer    | Reached skill level 1 in Maces & Flails
  2762 | Sewer    | Reached XP level 6. HP: 7/50 MP: 2/10
  2838 | Sewer    | Identified the Almanac of Beguiling and the Snowflakes
  3182 | D:4      | Noticed Eustachio
  3211 | D:4      | Noticed Menkaure
  3247 | D:4      | Reached skill level 1 in Hexes
  3324 | D:4      | Got a sparkling bronze ring
  3325 | D:4      | Identified the cursed ring "Fiucrot" {AC-3 Int+2 Dex-5
                  | Stlth+} (You found it on level 4 of the Dungeon)
  3362 | D:4      | HP: 1/50 [worker ant (4)]
  3363 | D:4      | Reached skill level 5 in Conjurations
  3706 | D:4      | Learned a level 3 spell: Tukima's Dance
  3794 | D:4      | Gained mutation: You are agile. (Dex +2) [potion of
                  | mutation]
  3794 | D:4      | Gained mutation: You expend magic power (3 MP) to
                  | strengthen your wands. [potion of mutation]
  3794 | D:4      | Gained mutation: You are resistant to hostile enchantments.
                  | (MR+) [potion of mutation]
  3945 | D:5      | Found Raunol's Assorted Antiques.
  3953 | D:5      | Bought a wavering amber ring for 125 gold pieces
  3953 | D:5      | Identified the ring "Otzag" {*Tele +Inv rN+ MR- Dex+2} (You
                  | bought it in a shop on level 5 of the Dungeon)
  4006 | D:5      | Found a shadowy altar of Dithmenos.
  4337 | D:6      | Reached XP level 7. HP: 11/56 MP: 4/12
  4455 | D:7      | Found a staircase to the Ecumenical Temple.
  4479 | Temple   | Entered the Ecumenical Temple
  4498 | Temple   | Became a worshipper of Elyvilon the Healer
  4523 | D:7      | Noticed a +0 dagger
  4523 | D:7      | Noticed a +0 hand axe
  4527 | D:7      | Found a hide-covered altar of Uskayaw.
  4539 | D:7      | Reached skill level 1 in Fighting
  4570 | D:7      | Found a hazy altar of Hepliaklqana.
  4621 | D:7      | Reached skill level 1 in Short Blades
  5023 | D:3      | Reached * piety under Elyvilon
  5153 | D:3      | Learned a level 4 spell: Summon Lightning Spire
  5499 | D:2      | Killed Terence
  5759 | D:4      | Killed Eustachio
  6069 | D:5      | Reached skill level 1 in Summonings
  6245 | D:6      | Reached XP level 8. HP: 17/64 MP: 7/14
  6343 | D:6      | Reached ** piety under Elyvilon
  6459 | D:6      | Found Ingisoz's Jewellery Emporium.
  6492 | D:6      | Reached skill level 6 in Conjurations
  6492 | D:6      | Reached skill level 1 in Air Magic
  6758 | D:6      | Reached skill level 1 in Invocations
  6937 | D:6      | Found Reitrul's Armour Emporium.
  6985 | D:6      | Learned a level 3 spell: Mephitic Cloud
  7286 | D:7      | Reached skill level 5 in Spellcasting
  7784 | D:7      | Reached skill level 1 in Poison Magic
  7784 | D:7      | Gained mutation: You passively map the area around you.
                  | [Deep Dwarf growth]
  7784 | D:7      | Reached XP level 9. HP: 39/70 MP: 2/16
  8051 | D:7      | Found a glowing golden altar of the Shining One.
  8058 | D:7      | Learned a level 2 spell: Blink
  8217 | D:8      | Noticed a two-headed ogre
  8219 | D:8      | Noticed Prince Ribbit
  8236 | D:8      | Killed Prince Ribbit
  8236 | D:8      | Reached skill level 1 in Translocations
  8344 | D:7      | Elyvilon protects you from harm!
  8344 | D:7      | HP: 2/70 [two-headed ogre/+0 giant club (14)]
  8830 | D:9      | Noticed a troll
  8934 | D:9      | Reached *** piety under Elyvilon
  9136 | D:9      | Reached skill level 5 in Maces & Flails
  9419 | D:9      | Reached **** piety under Elyvilon
  9576 | D:9      | Killed a troll
  9901 | D:8      | Reached skill level 5 in Dodging
 10328 | D:7      | Mangled by a two-headed ogre

Levels and vault maps discovered:
D:1:      dpeg_arrival_prison, layout_rooms, minmay_worlds_worst_comb
D:2:      layout_basic, nicolae_dithmenos_shadow_blocks, uniq_terence
D:3:      layout_loops_ring
D:4:      cheibrodos_quashed, layout_gridville, kiku_gazebo_pond_becter,
          serial_shops, shop, nemelex_xobeh_ov_fountains_minmay, uniq_menkaure,
          uniq_eustachio
D:5:      layout_loops_ring, lemuel_doored_altar, serial_shops, shop,
          portal_sewer_entry_e, first_ration
D:6:      layout_loops_corners, serial_shops, nicolae_shop_trees,
          kennysheep_mini_moat, minmay_manual_mares
D:7:      layout_basic, dancing_weapons_uskayaw, tso_altar,
          nicolae_overflow_crystal_walls, temple_fountains,
          chequers_serial_rivers_micro_c, corner_web_ring, grunt_ogre_cave
D:8:      layout_cave_pods, uniq_prince_ribbit1
D:9:      layout_small_grid
Temple:   minmay_crystal_spiral_temple

Skill      XL: |  1  2  3  4  5  6  7  8  9 |
---------------+----------------------------+-----
Conjurations   | 4 5 6 |  6.9
Spellcasting   | 2 3 4 5 |  5.7
Stealth        | 3 |  3.6
Maces & Flails | 1 2 5 |  5.5
Dodging        | 3 4 5 |  5.0
Hexes          | 1 2 |  2.8
Fighting       | 1 |  1.8
Short Blades   | 1 2 |  2.8
Summonings     | 1 2 3 |  3.2
Air Magic      | 1 2 |  2.7
Invocations    | 1 2 |  2.5
Poison Magic   | 1 2 |  2.0
Translocations | 2 |  2.8

Action                   |  1- 3 |  4- 6 |  7- 9 || total
-------------------------+-------+-------+-------++-------
Melee: Short sword       |    42 |       |       ||    42
       Unarmed           |     1 |       |       ||     1
       Whip              |    19 |    17 |       ||    36
       Dagger            |       |    25 |   409 ||   434
Throw: Boomerang         |     1 |    10 |       ||    11
       Dart              |       |     1 |     9 ||    10
 Cast: Magic Dart        |    41 |    48 |    90 ||   179
       Searing Ray       |     5 |    22 |    24 ||    51
       Dazzling Spray    |       |     4 |    53 ||    57
       Mephitic Cloud    |       |       |     8 ||     8
       Blink             |       |       |     1 ||     1
       Summon Lightning  |       |       |     1 ||     1
Invok: Lesser Healing    |       |       |    62 ||    62
 Abil: Heal Wounds       |       |     1 |     1 ||     2
  Use: Scroll            |       |    10 |     7 ||    17
       Potion            |       |     5 |     2 ||     7
 Stab: Sleeping          |     6 |     6 |    16 ||    28
       Invisible         |       |     4 |    20 ||    24
       Confused          |       |       |     5 ||     5
  Eat: Chunk             |     2 |    12 |    20 ||    34
       Ration            |       |       |     5 ||     5
Armor: Robe              |    14 |    18 |   126 ||   158
Dodge: Dodged            |    51 |    61 |   376 ||   488
